 Dungeon Crawl Stone Soup version 0.25-a0-591-g2ad0d861f1 (webtiles) character file.

Game seed: 1333498762872873137, levelgen mode: deterministic

139 Esekla the Charlatan (level 5, -2/25 HPs)
             Began as a Spriggan Artificer on Mar 13, 2020.
             Slain by a white imp (3 damage)
             ... summoned by Natasha
             ... on level 4 of the Dungeon.
             The game lasted 00:16:47 (3986 turns).

Esekla the Charlatan (Spriggan Artificer)           Turns: 3986, Time: 00:16:48

Health: -2/25      AC:  3    Str:  8    XL:     5   Next: 1%
Magic:  9/9        EV: 20    Int: 14    God:
Gold:   155        SH:  0    Dex: 16    Spells: 4/4 levels left

rFire    . . .     SeeInvis +   a - +0 short sword
rCold    . . .     Gourm    .   (shield restricted)
rNeg     . . .     Faith    .   b - +1 robe
rPois    .         Spirit   .   (helmet restricted)
rElec    .         Reflect  .   (no cloak)
rCorr    +         Harm     .   (gloves unavailable)
MR       .....                  (boots unavailable)
Stlth    ++........             (no amulet)
HPRegen  0.08/turn              (no ring)
MPRegen  0.11/turn              x - ring of resist corrosion

@: very quick
A: very small, unfitting armour, see invisible, herbivore, speed 3, slow
metabolism 2
a: no special abilities


You were on level 4 of the Dungeon.
You were not hungry.

You visited 1 branch of the dungeon, and saw 5 of its levels.

You collected 155 gold pieces.

Inventory:

Hand Weapons
 a - a +0 short sword (weapon)
Missiles
 A - 42 poisoned darts (quivered)
Armour
 b - a +1 robe (worn)
 k - a +0 leather armour
 n - a +0 leather armour
 z - a +0 leather armour
Jewellery
 h - an uncursed amulet of magic regeneration
 x - a ring of resist corrosion (right hand)
Wands
 c - a wand of flame (15)
 d - a wand of enslavement (15)
 e - a wand of random effects (15)
 p - a wand of digging (9)
Scrolls
 j - 4 scrolls of remove curse
 l - a scroll of noise {unknown}
 q - a scroll of blinking {unknown}
 s - a scroll of teleportation
Potions
 g - 2 potions of brilliance {unknown}
 i - a potion of heal wounds
 m - 2 potions of curing
 o - a potion of degeneration {unknown}
 r - a potion of flight {unknown}
 t - a potion of magic {unknown}
 u - a potion of ambrosia {unknown}
 w - 2 potions of resistance {unknown}
Comestibles
 f - 5 rations


   Skills:
 + Level 1.4 Fighting
 + Level 2.9 Short Blades
 + Level 0.1 Throwing
 + Level 4.5 Dodging
 + Level 3.2 Stealth
 + Level 4.9 Evocations


You had 4 spell levels left.
You didn't know any spells.
Your spell library was empty.

Dungeon Overview and Level Annotations

Branches:
Dungeon (5/15)
 Temple: D:4-7

Altars:
Nemelex Xobeh
Trog

Annotations:
D:4 Dowan, Duvessa, Natasha, Sigmund


Innate Abilities, Weirdness & Mutations

You are very small and have problems with some larger weapons.
You are too small for most types of armour.
You have supernaturally acute eyesight. (SInv)
You are a herbivore.
You cover ground extremely quickly.
You need to consume almost no food.


Message History

Natasha is moderately wounded.
Natasha mumbles some strange words.
You closely miss Natasha.
Natasha is moderately wounded.
Natasha completely misses you.
You closely miss Natasha.
Natasha is moderately wounded.
Natasha claws you!
You closely miss Natasha.
Natasha is moderately wounded.
Natasha barely misses you.
You miss Natasha.
Natasha is moderately wounded.
The jackal barks!
The white imp hits you. The white imp freezes you. Natasha claws you!
* * * LOW HITPOINT WARNING * * *
You closely miss Natasha.
Natasha is moderately wounded.
The white imp hits you.
You die...

#.# ..###.
#...... ..
#####....#..
...
##...#......?
...
#...>#...h...
...
##............
...
#..........#..
...
###..@.#......
...
##.h5##...#.
...
..........#
...
##........##
.#. ##.....#.#
#. ##!#..# #
...# ###... ..
# ###. ##.##
#....


You could see Natasha, a white imp and a jackal.

Vanquished Creatures
  A worker ant (D:5)
  3 adders
  An ooze (D:2)
  A dart slug (D:2)
  4 leopard geckos
  5 orcs (D:3)
  2 giant cockroaches
  4 goblins
  8 hobgoblins
  7 jackals (D:3)
  12 kobolds
  5 quokkas
  6 bats
  4 frilled lizards
  5 rats
  A bush (D:3)
69 creatures vanquished.

Notes
Turn   | Place    | Note
-------+----------+-------------------------------------------
     0 | D:1      | Esekla the Spriggan Artificer began the quest for the Orb.
     0 | D:1      | Reached XP level 1. HP: 9/9 MP: 4/4
    60 | D:1      | Reached XP level 2. HP: 13/14 MP: 6/6
   451 | D:1      | Reached skill level 1 in Fighting
   842 | D:2      | Reached XP level 3. HP: 9/18 MP: 7/7
  1044 | D:3      | Found a bloodstained altar of Trog.
  1600 | D:3      | Reached XP level 4. HP: 17/22 MP: 8/8
  2153 | D:2      | Found a sparkling altar of Nemelex Xobeh.
  3640 | D:4      | Noticed Sigmund
  3670 | D:4      | Noticed Duvessa
  3673 | D:4      | Noticed Dowan
  3824 | D:4      | HP: 1/22 [poisoned by a worker ant]
  3835 | D:4      | You fall into a shaft and drop 1 floor!
  3835 | D:5      | Entered Level 5 of the Dungeon
  3934 | D:5      | Reached XP level 5. HP: 18/25 MP: 9/9
  3970 | D:4      | Noticed Natasha
  3985 | D:4      | HP: 1/25 [Natasha (7)]
  3986 | D:4      | Slain by a white imp

Levels and vault maps discovered:
D:1:      lemuel_arrival_lava_pool, layout_rooms, minmay_misc_feat_roman,
          corner_web_ring, wad_floor_pattern_1, lexackson_kobold_supper
D:2:      layout_basic, nemelex_altar_shiori
D:3:      layout_basic, lightli_temple_of_fire, first_ration, minmay_hedge_maze,
          grunt_ministairs_7
D:4:      layout_cave_pools, uniq_duvessa, uniq_natasha, uniq_blork_the_orc,
          uniq_pikel, uniq_sigmund
D:5:      layout_basic, minmay_starry_boxes

Skill      XL: |  1  2  3  4 |
---------------+-------------+-----
Fighting       | 1 |  1.4
Short Blades   | 2 |  2.9
Stealth        | 2 3 |  3.2
Dodging        | 4 |  4.5
Throwing       | |  0.1
Evocations     | |  4.9

Action                   |  1- 3 |  4- 6 || total
-------------------------+-------+-------++-------
Melee: Short sword       |   190 |   518 ||   708
Throw: Dart              |     4 |     5 ||     9
  Use: Scroll            |       |     9 ||     9
       Potion            |       |     3 ||     3
 Stab: Sleeping          |     4 |     2 ||     6
       Distracted        |     1 |       ||     1
  Eat: Ration            |       |     1 ||     1
Armor: Robe              |    11 |    15 ||    26
Dodge: Dodged            |   152 |   185 ||   337

Table legend:
 A = Non-vault XP
 B = Vault XP
 C = Vault XP percentage of total XP
 D = Non-vault monster count
 E = Vault monster count
 F = Vault count percentage of total count
                 A         B        C        D         E       F
            +---------+---------+-------+---------+---------+-------
      Total |     155 |      44 |  22.1 |      62 |       6 |   8.8
            +---------+---------+-------+---------+---------+-------
        D:1 |      32 |       0 |   0.0 |      21 |       0 |   0.0
        D:2 |      54 |       0 |   0.0 |      19 |       0 |   0.0
        D:3 |      69 |      11 |  13.8 |      22 |       5 |  18.5
        D:5 |       0 |      33 | 100.0 |       0 |       1 | 100.0
            +---------+---------+-------+---------+---------+-------
